 Dungeon Crawl Stone Soup version 0.28-a0-1624-g820543e53a (webtiles) character file.

Game seed: 13718490020388275008

333 soggyman666 the Magician (level 6, -1/40 HPs)
             Began as a Djinni Necromancer on Jan 23, 2022.
             Was an Initiate of Hepliaklqana.
             Killed from afar by an orc wizard (4 damage)
             ... with a magic dart
             ... on level 4 of the Dungeon.
             The game lasted 00:11:24 (4322 turns).

soggyman666 the Magician (Djinni Necromancer)       Turns: 4322, Time: 00:11:25

Health: -1/40      AC:  4    Str:  7    XL:     6   Next: 82%
Gold:   151        EV: 12    Int: 19    God:    Hepliaklqana [......] SH:  0 Dex: 13

rFire   + + .      SeeInvis .   g - staff of air
rCold   x . .      Faith    .   (no shield)
rNeg    . . .      Spirit   .   a - +1 robe
rPois   ∞          Reflect  .   (no helmet)
rElec   +          Harm     .   (no cloak)
rCorr   .          Rampage  .   k - +0 pair of gloves
Will    .....                   (boots unavailable)
Stlth   +.........              (no amulet)
HPRegen 0.13/turn               (no ring)
MPRegen 0.00/turn               (no ring)

@: confused, flying
A: sickness immunity, fire resistance 2, cold vulnerability 1, float, innate
caster, hp casting, extra vitality 1
a: Renounce Religion


You were on level 4 of the Dungeon.
You worshipped Hepliaklqana.
Hepliaklqana was noncommittal.
You visited 2 branches of the dungeon, and saw 6 of its levels.

You collected 151 gold pieces.

Inventory:

Armour
 a - a +1 robe (worn)
 k - a +0 pair of gloves (worn)
Magical Staves
 g - a staff of air (weapon)
Scrolls
 d - a scroll of enchant armour
Potions
 b - 3 potions of heal wounds
 c - a potion of invisibility {unknown}
 e - 2 potions of might {unknown}
 f - 2 potions of degeneration {unknown}
 h - a potion of brilliance {unknown}


   Skills:
 + Level 2.5 Dodging
 - Level 1.5 Stealth
 + Level 5.9 Spellcasting


You couldn't memorise any spells.
You knew the following spells:

 Your Spells              Type           Power      Damage    Failure   Level
a - Pain                  Necr           100%       1d9       1%          1
b - Animate Skeleton      Necr           56%        N/A       1%          1
c - Vampiric Draining     Necr           28%        2d8       3%          3
d - Animate Dead          Necr           14%        N/A       10%         4
e - Agony                 Necr           28%        N/A       28%         5
f - Shock                 Conj/Air       100%       1d9       1%          1
g - Blink                 Tloc           56%        N/A       1%          2
Your spell library was empty.

Dungeon Overview and Level Annotations

Branches:
Dungeon (5/15)             Temple (1/1) D:4

Altars:
Ashenzari
Cheibriados
Dithmenos
Fedhas
Hepliaklqana
Kikubaaqudgha
Makhleb
Nemelex Xobeh
Ru
Sif Muna
Trog
Uskayaw
Wu Jian
Xom
Yredelemnul
Zin
The Shining One
Beogh

Shops:
D:1 [


Innate Abilities, Weirdness & Mutations

You are immune to sickness and miasma.
You are immune to poison.
Your flesh is very heat resistant. (rF++)
You are vulnerable to cold. (rC-)
You float through the air rather than walking.
You learn spells naturally, not from books.
Your magical power is your life essence.
You have superior vitality. (+4 MHP)


Message History

Unknown command.
Unknown command.
You're too confused to cast spells.
Unknown command.
Unknown command.
The orc wizard hits you but does no damage.
Your magical contamination has completely faded away.
You barely miss the orc wizard.
The orc wizard is moderately wounded.
The orc wizard hits you with a +2 dagger of speed.
The orc wizard barely misses you.
You closely miss the orc wizard.
The orc wizard is heavily wounded.
The orc wizard hits you with a +2 dagger of speed.
The orc wizard gestures at you while chanting.
The puff of flame misses you.
The orc wizard hits you with a +2 dagger of speed.
You hit the orc wizard but do no damage.
The orc wizard is lightly wounded.
The orc wizard misses you.
The orc wizard hits you with a +0 dagger.
The orc wizard casts a spell at you.
You are more confused.
You hit the orc but do no damage. The orc hits you with a +0 hand axe.
The orc wizard hits you with a +0 dagger.
* * * LOW HITPOINT WARNING * * *
The orc wizard closely misses you.
The orc wizard mumbles some strange words.
The orc wizard flickers and vanishes!
Deactivating autopickup; reactivate with Ctrl-A.
The orc hits you with a +0 hand axe.
* * * LOW HITPOINT WARNING * * *
You are too confused!
You are too confused!
You bump into the rock wall.
The orc wizard gestures at you while chanting.
You are more confused.
The orc wizard casts a spell at you. The magic dart hits you.
You die...

#################.##
#........#..@......#
#.######.#o######..#
#.#....#.#.o....#
....+...........{...#
....#.#....#........#
....#.#.............#
#.†.#.##.###.....#..#
......##.###.....#)...
......................>.


You could see an orc wizard.

Vanquished Creatures
  2 ogres
  An orc priest (D:4)
  5 adders
  An adder skeleton (D:4)
  3 dart slugs (D:3)
  5 orcs
  7 ball pythons
  7 bats
  4 endoplasms
  4 giant cockroaches
  5 goblins
  7 hobgoblins
  A jackal (D:2)
  10 kobolds
  2 quokkas
  2 frilled lizards
  4 rats
70 creatures vanquished.

Notes
Turn   | Place    | Note
-------+----------+-------------------------------------------
     0 | D:1      | soggyman666 the Djinni Necromancer began the quest for the
                  | Orb.
     0 | D:1      | Reached XP level 1. HP: 15/15 MP: 0/0
   322 | D:1      | Found Seprio's Antique Armour Shop.
   504 | D:1      | Reached XP level 2. HP: 15/21 MP: 0/0
  1608 | D:2      | Reached XP level 3. HP: 18/25 MP: 0/0
  1608 | D:2      | Learned a level 1 spell: Shock
  1645 | D:2      | Reached skill level 4 in Spellcasting
  1995 | D:2      | Found a faded altar of an unknown god.
  2119 | D:2      | Reached XP level 4. HP: 27/31 MP: 0/0
  3037 | D:3      | Reached XP level 5. HP: 32/35 MP: 0/0
  3037 | D:3      | Learned a level 2 spell: Blink
  3189 | D:3      | Noticed an ogre
  3199 | D:3      | Killed an ogre
  3200 | D:3      | Reached skill level 5 in Spellcasting
  3200 | D:3      | Reached XP level 6. HP: 33/40 MP: 0/0
  3438 | D:3      | Found a shimmering altar of Xom.
  3686 | D:4      | You are sucked into a shaft and drop 1 floor!
  3686 | D:5      | Entered Level 5 of the Dungeon
  3828 | D:4      | Noticed an ogre
  3839 | D:4      | Killed an ogre
  3910 | D:4      | Found a staircase to the Ecumenical Temple.
  3916 | Temple   | Entered the Ecumenical Temple
  4097 | Temple   | Became a worshipper of Hepliaklqana the Forgotten
  4322 | D:4      | Killed from afar by an orc wizard

Illustrated notes

Levels and vault maps discovered:
D:1:      onia_arrival_mini_maze, layout_basic, serial_shops, shop
D:2:      minmay_angry_zag, layout_rooms,
          hellmonk_ecumenical_altar_defaced_shrine
D:3:      layout_loops_ring, nicolae_overflow_hidden_temple
D:4:      layout_basic, minmay_temple_entry_proselytizer
D:5:      layout_basic, serial_glass, glass_columns_b, glass_columns_a,
          minivault_27
Temple:   eino_temple_rhombus

Skill      XL: |  1  2  3  4  5 |
---------------+----------------+-----
Spellcasting   | 4 5 |  5.9
Dodging        | |  2.5
Stealth        | |  1.5

Action                   |  1- 3 |  4- 6 || total
-------------------------+-------+-------++-------
Melee: Staff             |       |     4 ||     4
 Cast: Pain              |    38 |     2 ||    40
       Shock             |    25 |    83 ||   108
       Vampiric Draining |       |     3 ||     3
       Blink             |       |     1 ||     1
       Animate Dead      |       |     1 ||     1
  Use: Scroll            |     1 |     5 ||     6
Armor: Robe              |     3 |     5 ||     8
Dodge: Dodged            |     3 |    16 ||    19

Table legend: (Time is in decaauts)
 A = Elapsed time spent in this place.
 B = Non-inter-level travel time spent in this place.
 C = Inter-level travel time spent in this place.
 D = Time resting spent in this place.
 E = Time spent auto-exploring this place.
 F = Levels seen in this place.
 G = Mean time per level.
                   A        B        C        D        E       F      G
               +--------+--------+--------+--------+--------+-----+--------+
         Total |   4322 |   4203 |    119 |    257 |   3529 |   6 |  720.3 |
       Dungeon |   4120 |   4035 |     85 |    257 |   3376 |   5 |  824.0 |
        Temple |    201 |    167 |     34 |      0 |    153 |   1 |  201.0 |
               +--------+--------+--------+--------+--------+-----+--------+

Top non-repeatable levels by time:
     D:1: 1597 daAuts
     D:2: 1098 daAuts
     D:3: 941 daAuts
     D:4: 441 daAuts
  Temple: 201 daAuts
     D:5: 42 daAuts
